Map: Hielo y cromo EE

Players

MrFercho - Winner!

  • Race: Zerg Zerg
  • League: Silver
  • Spawn Location: 7:00

chuños

  • Race: Protoss Protoss
  • Spawn Location: 1:00

VOD

Have the link to the VOD?

Description

Time

  • Played on: June 20, 2020, 9:45 p.m.
  • Length: 13:45
Show
View Real Time Build Order
Export as new Build Order

MrFercho Zerg - Winner!

Build Orders: Hatch First 

Get SALT Encoding   

  12  0:04  Drone  
  13  0:19  Overlord  
  13  0:20  Drone  
  14  0:42  Drone x3  
  17  0:58  Drone  
  18  1:04  Hatchery  
  18  1:08  Drone  
  18  1:15  Spawning Pool  
  18  1:18  Drone  
  18  1:25  Drone  
  19  1:32  Extractor  
  18  1:36  Drone  
  19  1:51  Overlord  
  19  1:58  Drone  
  20  2:04  Queen  
  22  2:11  Drone  
  23  2:16  Queen  
  23  2:18  Drone  
  23  2:19  Drone  
  27  2:28  Drone  
  28  2:34  Drone  
  29  2:38  Drone  
  29  2:40  Drone  
  31  2:45  Lair  
  31  3:00  Drone x3  
  34  3:09  Roach Warren  
  34  3:11  Overlord  
  34  3:12  Overlord, Evolution Chamber  
  32  3:13  Drone  
  33  3:28  Drone x3  
  36  3:35  Queen  
  38  3:46  Spine Crawler  
  38  3:47  Spine Crawler  
  36  3:50  Spine Crawler  
  36  3:54  Roach x6  
  47  4:06  Roach x2  
  47  4:07  Overlord  
  47  4:09  Drone  
  52  4:15  Overlord x2  
  52  4:44  Roach x5  
  62  4:58  Extractor  
  61  5:02  Extractor  
  60  5:19  Drone  
  60  5:20  Drone x7  
  68  5:37  Hatchery  
  67  5:54  Extractor, Overlord, Drone  
  67  5:55  Overlord x3  
  67  5:58  Zerg Missile Weapons Level 1  
  67  6:02  Hydralisk Den  
  66  6:07  Drone  
  66  6:08  Drone  
  68  6:15  Drone  
  68  6:16  Drone x2  
  68  6:17  Drone x4  
  75  6:25  Drone x2  
  77  6:26  Spore Crawler  
  76  6:33  Spore Crawler  
  76  6:34  Muscular Augments  
  75  6:45  Spine Crawler, Drone x4  
  78  6:47  Spine Crawler  
  77  6:57  Hydralisk  
  77  6:58  Hydralisk x4  
  87  7:08  Hydralisk  
  87  7:09  Hydralisk, Spore Crawler  
  87  7:10  Spore Crawler  
  89  7:37  Drone x3  
  89  7:38  Drone x2  
  94  7:46  Grooved Spines  
  94  7:52  Overlord x3  
  94  7:53  Overlord  
  94  7:54  Zerg Missile Weapons Level 2  
  94  8:31  Hatchery x2  
  92  8:40  Hydralisk x12  
  116  8:46  Hydralisk x2  
  120  8:49  Overlord x2  
  120  9:08  Extractor, Hatchery  
  116  9:14  Extractor  
  115  9:28  Drone x8  
  123  10:04  Drone x7  
  130  10:11  Extractor  
  130  10:13  Extractor, Zerg Ground Armor Level 1  
  128  10:19  Infestation Pit  
  127  10:24  Evolution Chamber  
  126  10:38  Drone x14  
  140  10:46  Queen  
  140  10:48  Queen  
  144  10:52  Overseer  
  144  10:53  Overseer  
  144  11:06  Hydralisk x7  
  144  11:09  Overlord  
  144  11:10  Overlord x4  
  126  11:34  Hydralisk x13  
  126  11:39  Drone  
  145  11:59  Hydralisk x13  
  171  12:23  Overlord x3  
  171  12:47  Hydralisk x2  
  171  12:48  Hydralisk x12  
  197  13:03  Drone x3  
  197  13:04  Drone x2  
  198  13:33  Drone x2  
Show
View Real Time Build Order
Export as new Build Order

chuños Protoss 

Build Orders: Carriers 

Get SALT Encoding   

  12  0:13  Assimilator  
  12  0:15  Probe  
  13  0:37  Pylon  
  13  0:43  Probe  
  14  0:55  Probe  
  15  1:05  Gateway  
  15  1:10  Gateway  
  15  1:15  Forge  
  15  1:42  Pylon  
  15  1:47  Assimilator  
  15  2:00  Cybernetics Core  
  15  2:04  Zealot x2  
  19  2:10  Probe  
  20  2:22  Probe  
  21  2:34  Probe  
  22  2:38  Stalker  
  22  2:39  Stalker  
  26  2:46  Warp Gate  
  26  3:01  Pylon  
  26  3:07  Robotics Facility  
  26  3:17  Adept  
  28  3:23  Adept  
  30  4:19  Observer  
  31  4:34  Stargate  
  31  4:37  Stargate  
  31  4:41  Zealot x2  
  35  4:52  Probe  
  36  5:04  Probe  
  37  5:07  Zealot  
  39  5:16  Pylon  
  39  5:20  Pylon  
  35  5:52  Void Ray x2, Observer  
  43  6:35  Void Ray  
  47  7:07  Void Ray  
  51  7:13  Fleet Beacon  
  51  8:11  Nexus  
  47  9:19  Carrier  
  47  9:22  Carrier  
  59  9:27  Pylon  
  59  9:30  Pylon  
  59  9:49  Photon Cannon  
  59  9:54  Zealot  
  59  9:55  Zealot  
  63  10:02  Photon Cannon  
  63  10:16  Observer  
  63  10:18  Photon Cannon  
  63  10:21  Shield Battery  
  63  10:23  Carrier  
  63  10:26  Carrier  
  56  11:57  Carrier  
  62  12:03  Carrier  
Tags
 
Composition
Carriers
League
Silver
Matchup
PvZ
Replay Pack
MrFercho
Spawn Locations
Cross Positions
Add a new tag
Caveats
  • Supply blocks, unpowered buildings, or Contaminate may cause inaccurate times.
  • Supply counts are checked every 10 seconds.